 Dungeon Crawl Stone Soup version 0.21.1-1-g345015f (webtiles) character file.

83 inc the Chopper (level 4, -1/35 HPs)
             Began as a Demonspawn Monk on June 14, 2018.
             Slain by a worker ant (4 damage)
             ... on level 4 of the Dungeon.
             The game lasted 00:02:33 (1736 turns).

inc the Chopper (Demonspawn Monk)                   Turns: 1736, Time: 00:02:34

Health: -1/35      AC:  7    Str: 12    XL:     4   Next: 22%
Magic:  4/4        EV: 11    Int: 17    God:
Gold:   171        SH:  0    Dex: 15    Spells: 3/3 levels left

rFire    . . .     SeeInvis .   a - +0 hand axe
rCold    + . .     Gourm    .   (no shield)
rNeg     . . .     Faith    .   p - +0 ring mail (curse)
rPois    .         Spirit   .   (helmet restricted)
rElec    .         Reflect  .   (no cloak)
rCorr    .         Harm     .   (no gloves)
MR       .....                  (no boots)
Stlth    +.........             (no amulet)
HPRegen  0.11/turn              r - ring of protection from cold
MPRegen  0.09/turn              (no ring)

@: brilliant, lethally poisoned (-1 -> -18), very slightly contaminated,
invisible
A: antennae 1, molten scales 1
a: no special abilities


You were on level 4 of the Dungeon.
You were hungry.

You visited 1 branch of the dungeon, and saw 5 of its levels.

You collected 171 gold pieces.

Inventory:

Hand Weapons
 a - a +0 hand axe (weapon)
Armour
 b - a +0 robe
 h - a +0 scale mail
 p - a cursed +0 ring mail (worn)
 u - a +0 helmet
Jewellery
 r - a ring of protection from cold (left hand)
Scrolls
 d - a scroll of immolation {unknown}
 f - a scroll of fear {unknown}
 g - a scroll of identify {unknown}
 i - a scroll of enchant armour {unknown}
 k - 2 scrolls of random uselessness {unknown}
 l - a scroll of magic mapping {unknown}
 n - a scroll of teleportation {unknown}
 o - a scroll of enchant weapon {unknown}
 t - a scroll of remove curse {unknown}
Potions
 e - a potion of cancellation {unknown}
 m - 2 potions of agility
Comestibles
 c - 5 rations
 q - 3 chunks of flesh


   Skills:
 - Level 3.0 Fighting
 + Level 4.6 Axes
 - Level 2.6 Dodging
 - Level 1.7 Stealth


You had 3 spell levels left.
You didn't know any spells.

Dungeon Overview and Level Annotations

Branches:
Dungeon (5/15)
 Temple: D:4-7

Altars:

Annotations:
D:2 Terence


Innate Abilities, Weirdness & Mutations

You have a pair of small antennae on your head.
You are partially covered in molten scales. (AC +2)


Message History

You feel sick. The worker ant closely misses you.
You barely miss the worker ant.
The worker ant is severely wounded.
* * * LOW HITPOINT WARNING * * *
You feel sick. The worker ant barely misses you. The worker ant bites you.
* * * LOW HITPOINT WARNING * * *
You are more poisoned.
The worker ant poisons you!
It was a potion of invisibility.
You fade into invisibility!
* * * LOW HITPOINT WARNING * * *
You feel sick.
The worker ant bites you but does no damage.
You are very lightly contaminated with residual magic.
Unknown command.
It was a potion of brilliance.
You feel clever all of a sudden.
* * * LOW HITPOINT WARNING * * *
You feel sick. The worker ant bites you.
You die...

......≈≈≈≈≈≈≈≈≈≈≈≈≈.
.....#...≈≈≈≈≈≈≈≈≈....
#..........≈≈≈≈≈.....#
#....................#.#
#.......................
....................#..
#.................#..
#..†.........####...#
#.[.@........# #....
#..a.........#####..#
#.$................>.
#................##.#
#.....?...........#.#
#.................#.#
#.................#.#
#.................#.#
####.#######.#.#


You could see a worker ant.

Vanquished Creatures
  4 adders
  2 dart slugs (D:1)
  An orc (D:3)
  3 bats
  A giant cockroach (D:1)
  10 goblins
  2 hobgoblins
  2 jackals (D:4)
  7 kobolds
  6 frilled lizards
  6 rats
44 creatures vanquished.

Notes
Turn   | Place    | Note
-------+----------+-------------------------------------------
     0 | D:1      | inc the Demonspawn Monk began the quest for the Orb.
     0 | D:1      | Reached XP level 1. HP: 18/18 MP: 1/1
   261 | D:1      | Reached skill level 3 in Axes
   269 | D:1      | Gained mutation: You have a pair of small antennae on your head. [demonic ancestry]
   269 | D:1      | Reached XP level 2. HP: 1/24 MP: 2/2
   272 | D:1      | HP: 1/24 [dart slug (1)]
  1044 | D:2      | Gained mutation: You are partially covered in molten scales. (AC +2) [demonic ancestry]
  1044 | D:2      | Reached XP level 3. HP: 27/29 MP: 3/3
  1197 | D:2      | Reached skill level 4 in Axes
  1395 | D:2      | Noticed Terence
  1546 | D:3      | Reached XP level 4. HP: 30/35 MP: 4/4
  1700 | D:5      | Entered Level 5 of the Dungeon
  1700 | D:5      | Noticed a sky beast
  1736 | D:4      | Slain by a worker ant

Skill      XL: |  1  2  3 |
---------------+----------+-----
Axes           | 3 4 |  4.6
Fighting       | |  3.0
Dodging        | |  2.6
Stealth        | |  1.7

Action                   |  1- 3 |  4- 6 || total
-------------------------+-------+-------++-------
Melee: Hand axe          |   120 |    29 ||   149
  Use: Potion            |       |     2 ||     2
 Stab: Sleeping          |     2 |       ||     2
  Eat: Chunk             |     2 |       ||     2
Armor: Robe              |     3 |       ||     3
       Scale mail        |    16 |       ||    16
       Ring mail         |     8 |    12 ||    20
Dodge: Dodged            |    78 |    16 ||    94
